Map: Blackpink LE

Players

LiquidMaNa (MaNa)

  • Race: Protoss Protoss
  • League: Grandmaster
  • Spawn Location: 7:00

Serral - Winner!

  • Race: Zerg Zerg
  • League: Master
  • Spawn Location: 1:00

VOD

Have the link to the VOD?

Description

Time

  • Played on: Dec. 16, 2017, 2:22 p.m.
  • Length: 13:38
Show
View Real Time Build Order
Export as new Build Order

LiquidMaNa Protoss 

Build Orders: 1 Gate Expand, Oracle Opening, Phoenix Opening, Zealot Archon, Archon Drop 

Get SALT Encoding   

  12  0:00  Probe  
  13  0:12  Probe  
  14  0:20  Pylon  
  14  0:24  Probe  
  15  0:38  Probe (Chrono Boost)  
  16  0:44  Gateway  
  16  0:48  Probe (Chrono Boost)  
  17  0:52  Probe  
  17  0:53  Assimilator  
  19  1:04  Probe (Chrono Boost)  
  20  1:14  Probe (Chrono Boost)  
  20  1:26  Nexus  
  20  1:37  Cybernetics Core  
  20  1:40  Probe  
  21  1:48  Assimilator  
  21  1:52  Probe  
  22  1:57  Pylon  
  22  2:04  Probe  
  23  2:15  Adept  
  23  2:16  Probe, Warp Gate  
  26  2:28  Stargate, Probe (Chrono Boost)  
  27  2:39  Pylon  
  27  2:40  Probe (Chrono Boost)  
  29  2:45  Adept  
  29  2:46  Probe (Chrono Boost)  
  29  2:47  Probe (Chrono Boost)  
  32  2:58  Probe x2 (Chrono Boost)  
  34  3:00  Probe  
  35  3:05  Probe  
  35  3:10  Gateway  
  36  3:14  Probe  
  36  3:16  Phoenix (Chrono Boost)  
  36  3:17  Probe  
  40  3:26  Pylon, Probe  
  41  3:30  Probe  
  42  3:38  Probe  
  42  3:39  Oracle (Chrono Boost)  
  42  3:40  Assimilator  
  46  3:42  Assimilator  
  46  3:44  Probe  
  46  3:47  Robotics Facility  
  47  3:50  Probe  
  48  3:56  Probe  
  48  3:57  Twilight Council  
  49  4:05  Probe  
  49  4:07  Pylon  
  49  4:08  Probe  
  51  4:17  Probe  
  51  4:20  Probe  
  53  4:26  Gateway  
  53  4:27  Gateway  
  53  4:30  Probe  
  54  4:32  Probe  
  54  4:34  Templar Archives  
  54  4:36  Warp Prism (Chrono Boost)  
  57  4:44  Pylon  
  57  4:46  Adept x2  
  61  4:58  Pylon  
  61  5:03  Nexus  
  61  5:07  Probe x2  
  63  5:15  Forge  
  63  5:21  Probe x2  
  65  5:23  High Templar x2  
  65  5:24  High Templar x2  
  65  5:27  Shield Battery  
  65  5:28  Archon x2  
  73  5:34  Pylon  
  73  5:38  Robotics Bay  
  73  5:39  Probe x2  
  75  5:43  Pylon  
  75  5:49  Protoss Ground Weapons Level 1  
  75  5:56  Zealot x3  
  81  5:57  Zealot  
  81  6:03  Probe  
  81  6:04  Probe  
  83  6:15  Sentry, Probe  
  83  6:16  Probe, Observer (Chrono Boost)  
  82  6:21  Gateway x2  
  82  6:31  Shield Battery  
  88  6:33  Sentry  
  88  6:34  Probe x3  
  88  6:35  Colossus (Chrono Boost)  
  93  6:43  Charge (Chrono Boost)  
  93  6:46  Probe  
  93  6:47  Photon Cannon  
  94  6:52  Zealot x3  
  100  6:55  Photon Cannon  
  100  7:05  Colossus (Chrono Boost)  
  100  7:06  Probe x3  
  100  7:08  Assimilator  
  109  7:11  Assimilator  
  109  7:19  Pylon  
  109  7:22  Pylon  
  109  7:32  Extended Thermal Lance (Chrono Boost)  
  109  7:37  Probe x2  
  109  7:40  Nexus  
  109  7:41  Pylon  
  109  7:44  Colossus (Chrono Boost)  
  117  7:55  Pylon  
  117  7:57  High Templar x2  
  121  8:00  Protoss Ground Weapons Level 2  
  121  8:03  Archon  
  121  8:06  Photon Cannon  
  121  8:07  Shield Battery  
  121  8:09  Pylon  
  121  8:10  Pylon  
  121  8:11  Pylon  
  119  8:17  Shield Battery  
  115  8:21  High Templar x2, Zealot x2  
  115  8:25  Archon  
  123  8:29  Pylon  
  123  8:32  Pylon  
  123  8:33  Zealot x2  
  127  8:38  Immortal  
  130  8:46  Zealot x2  
  132  8:50  Probe x2  
  134  8:56  Gateway x2  
  134  8:58  Gateway  
  134  8:59  Gateway  
  134  9:03  High Templar x2, Shield Battery  
  134  9:04  High Templar x2, Probe x2  
  134  9:05  Probe  
  134  9:07  Probe  
  134  9:08  Archon x2  
  146  9:16  Probe  
  150  9:19  Observer  
  150  9:21  Oracle  
  150  9:23  Zealot  
  153  9:30  Assimilator  
  151  9:34  Assimilator  
  151  9:39  Photon Cannon  
  151  9:40  High Templar x2  
  151  9:41  Photon Cannon, Warp Prism  
  151  9:42  Zealot x3  
  151  9:43  Shield Battery  
  151  9:45  Archon  
  153  9:47  Probe x4  
  157  9:59  High Templar x2  
  161  10:01  Zealot x3  
  161  10:03  Archon  
  161  10:06  Zealot x3  
  163  10:15  Zealot x2  
  157  10:28  High Templar x3  
  159  10:30  High Templar  
  159  10:33  Archon  
  159  10:34  Zealot x2  
  159  10:35  Probe x2  
  162  10:37  Archon  
  162  10:42  Probe x2  
  163  10:44  Observer  
  163  10:47  Probe  
  160  10:53  Zealot x4  
  160  10:54  Psionic Storm  
  162  10:58  Probe x2  
  162  10:59  Assimilator  
  162  11:02  High Templar x2  
  162  11:03  Zealot x4  
  172  11:07  Archon  
  166  11:18  High Templar x2  
  167  11:29  Zealot x4  
  167  11:30  High Templar  
  167  11:31  High Templar, Warp Prism  
  175  11:43  Probe  
  174  11:48  Photon Cannon  
  174  11:51  Pylon  
  171  12:02  Zealot x8  
  171  12:07  Observer  
  188  12:11  Observer Gravitic Boosters  
  178  12:28  Observer  
  123  12:30  Zealot x8  
  123  12:31  Zealot x2  
  123  12:34  Probe x3  
  127  12:49  Colossus (Chrono Boost)  
  121  12:55  Zealot x8  
  121  12:58  Archon, Zealot x2  
  117  13:11  High Templar x3  
  117  13:12  High Templar, Stalker  
  109  13:17  Archon x2  
  109  13:18  Stalker x4  
  109  13:19  Stalker  
Show
View Real Time Build Order
Export as new Build Order

Serral Zerg - Winner!

Build Orders: Hatch First, Lurkers 

Get SALT Encoding   

  12  0:00  Drone  
  13  0:13  Overlord  
  13  0:18  Drone  
  14  0:31  Drone x2  
  16  0:49  Hatchery  
  15  0:52  Drone  
  15  0:56  Drone  
  17  0:59  Drone  
  18  1:10  Extractor  
  17  1:17  Spawning Pool  
  16  1:19  Drone  
  16  1:22  Drone  
  18  1:28  Drone  
  19  1:42  Overlord  
  19  1:52  Drone  
  20  2:03  Queen  
  20  2:04  Queen  
  20  2:05  Zergling x4  
  26  2:11  Drone  
  26  2:13  Metabolic Boost  
  27  2:18  Drone  
  27  2:22  Drone  
  29  2:26  Drone  
  30  2:46  Hatchery, Drone  
  30  2:49  Pneumatized Carapace  
  30  2:53  Drone  
  30  2:56  Drone  
  32  3:00  Overlord  
  32  3:03  Drone  
  32  3:05  Drone  
  34  3:07  Drone  
  34  3:10  Drone  
  36  3:20  Drone x4  
  36  3:25  Queen  
  42  3:29  Overlord  
  42  3:31  Drone  
  43  3:37  Spore Crawler  
  43  3:38  Drone  
  43  3:40  Drone  
  44  3:48  Overlord, Spore Crawler  
  44  3:50  Drone x3  
  44  3:52  Drone  
  44  3:54  Drone  
  48  3:58  Overlord  
  48  4:04  Queen  
  48  4:07  Drone x3  
  53  4:12  Overlord  
  53  4:13  Drone  
  54  4:19  Lair  
  54  4:23  Drone x2, Spore Crawler  
  55  4:27  Overlord  
  55  4:29  Drone x2  
  57  4:33  Drone x3  
  57  4:37  Drone x2  
  62  4:39  Drone  
  62  4:41  Overlord  
  62  4:45  Extractor  
  62  4:46  Extractor  
  62  4:47  Queen  
  62  4:49  Overlord  
  62  4:50  Drone  
  62  4:51  Drone  
  64  4:57  Zergling x10  
  69  5:03  Overlord  
  69  5:06  Drone x4  
  72  5:07  Extractor  
  72  5:08  Zergling x4  
  72  5:13  Overlord  
  73  5:17  Zergling x6, Hydralisk Den  
  73  5:21  Overseer  
  75  5:23  Overlord  
  75  5:30  Overlord  
  75  5:37  Drone  
  75  5:38  Drone x2, Evolution Chamber  
  77  5:45  Hydralisk x5  
  77  5:47  Muscular Augments  
  87  5:52  Hydralisk x2  
  90  5:58  Zergling x4  
  90  5:59  Zergling x8  
  96  6:05  Zerg Missile Weapons Level 1  
  96  6:11  Overlord  
  94  6:12  Drone x3  
  94  6:17  Drone x3  
  98  6:21  Overlord  
  98  6:25  Overlord  
  98  6:28  Baneling Nest  
  98  6:31  Overlord  
  97  6:35  Drone  
  97  6:36  Drone x3  
  97  6:39  Extractor  
  99  6:40  Hatchery  
  99  6:42  Extractor  
  99  6:43  Drone x2  
  99  6:44  Drone  
  100  6:51  Drone x4  
  104  6:57  Drone x5  
  109  7:06  Hydralisk x5  
  119  7:10  Overlord  
  119  7:12  Centrifical Hooks  
  119  7:22  Overlord  
  119  7:25  Hydralisk x4, Overlord  
  127  7:35  Hydralisk x3  
  127  7:36  Hydralisk x2  
  132  7:46  Drone, Spire  
  132  7:48  Drone x2, Zergling x2  
  132  7:49  Drone  
  132  7:50  Extractor  
  134  7:52  Zergling x12  
  134  7:56  Zergling x2  
  134  7:57  Zergling x6  
  144  8:00  Zerg Missile Weapons Level 2  
  144  8:03  Zergling x6  
  147  8:10  Overlord  
  149  8:20  Hydralisk x3  
  149  8:21  Zergling x12  
  161  8:28  Zergling x2, Baneling x4  
  161  8:29  Zergling x8  
  161  8:30  Overlord  
  166  8:37  Overlord  
  159  8:49  Hydralisk x3  
  159  8:50  Zergling x8  
  159  8:51  Zergling x10  
  172  9:05  Corruptor x5  
  180  9:14  Corruptor x3  
  186  9:19  Corruptor x2  
  190  9:26  Overlord  
  190  9:28  Hydralisk x4  
  190  9:30  Zergling x2  
  198  9:32  Overseer  
  198  9:41  Hatchery  
  198  9:45  Baneling x9  
  197  9:46  Baneling x9  
  197  9:50  Hydralisk, Zergling x2  
  200  9:55  Lurker Den  
  198  10:03  Baneling x5  
  198  10:04  Baneling  
  198  10:12  Zergling x2  
  197  10:16  Zerg Melee Weapons Level 1  
  193  10:24  Zerg Flyer Weapons Level 1  
  184  10:28  Hydralisk  
  184  10:29  Hydralisk x7  
  170  11:04  Corruptor x4  
  170  11:06  Queen, Extractor  
  170  11:07  Drone x3  
  170  11:09  Zergling x8  
  170  11:10  Zergling x26  
  199  11:21  Overlord  
  198  11:25  Hatchery  
  193  11:42  Infestation Pit  
  192  11:53  Lurker x2  
  192  11:54  Lurker x5  
  152  12:33  Hydralisk x5  
  152  12:34  Hydralisk x7, Zergling x2  
  152  12:35  Zergling x20  
  181  12:40  Drone x2  
  181  12:44  Zergling x22  
  187  12:54  Hydralisk x4  
  187  12:55  Zergling x26  
  187  12:56  Zergling x2  
  199  13:04  Zergling x2  
  190  13:17  Zergling x2  
  190  13:18  Zergling x18  
  199  13:23  Drone  
Tags
 
Add a new tag
Caveats
  • Supply blocks, unpowered buildings, or Contaminate may cause inaccurate times.
  • Supply counts are checked every 10 seconds.